 Dungeon Crawl Stone Soup version 0.23.2-40-g277498a001 (webtiles) character file.

Game seed: 7508800032079794324

429 Emblim88 the Charmwright (level 6, -7/51 HPs)
             Began as a Gnoll Skald on Sept 28, 2019.
             Mangled by an ogre
             ... wielding a +0 giant club
              (20 damage)
             ... on level 4 of the Dungeon on Oct 3, 2019.
             The game lasted 00:12:25 (3574 turns).

Emblim88 the Charmwright (Gnoll Skald)              Turns: 3574, Time: 00:12:25

Health: -7/51      AC:  5    Str: 15    XL:     6   Next: 98%
Magic:  3/14       EV: 14    Int: 16    God:
Gold:   265        SH:  0    Dex: 14    Spells: 4/15 levels left

rFire    + . .     SeeInvis .   a - +0 falchion
rCold    x . .     Gourm    .   (no shield)
rNeg     . . .     Faith    .   b - +0 leather armour
rPois    .         Spirit   .   (no helmet)
rElec    .         Reflect  .   (no cloak)
rCorr    .         Harm     .   g - +0 pair of gloves
MR       .....                  m - +0 pair of boots
Stlth    ++........             (no amulet)
HPRegen  1.17/turn              e - ring of wizardry
MPRegen  0.14/turn              j - ring of fire

@: infused, regenerating (expiring)
A: distributed training, fangs 1, strong nose
a: no special abilities


You were on level 4 of the Dungeon.
You were not hungry.

You visited 1 branch of the dungeon, and saw 4 of its levels.
You also visited: Sewer.

You collected 265 gold pieces.

Inventory:

Hand Weapons
 a - a +0 falchion (weapon)
 p - a +3 dagger of protection
 t - a +0 blowgun
Missiles
 u - 12 poisoned needles
Armour
 b - a +0 leather armour (worn)
 g - a +0 pair of gloves (worn)
 m - a +0 pair of boots (worn)
Jewellery
 e - a ring of wizardry (left hand)
 j - a ring of fire (right hand)
 x - an uncursed ring of fire
Scrolls
 c - a scroll of immolation
 i - a scroll of amnesia
 k - a scroll of noise {unknown}
 n - a scroll of magic mapping {unknown}
 o - a scroll of enchant weapon {unknown}
 r - 2 scrolls of fog {unknown}
 v - a scroll of fear {unknown}
 w - a scroll of teleportation {unknown}
Potions
 f - 4 potions of curing {unknown}
 h - 2 potions of agility {unknown}
 l - 2 potions of haste {unknown}
 q - a potion of ambrosia {unknown}
 s - a potion of heal wounds {unknown}
Comestibles
 d - 6 rations


   Skills:
 + Level 5.0 Fighting
 + Level 2.1 Short Blades
 + Level 5.0 Long Blades
 + Level 2.1 Axes
 + Level 2.1 Maces & Flails
 + Level 2.1 Polearms
 + Level 2.1 Staves
 + Level 2.1 Slings
 + Level 2.1 Bows
 + Level 2.1 Crossbows
 + Level 2.1 Throwing
 + Level 3.3 Armour
 + Level 5.0 Dodging
 + Level 2.1 Stealth
 + Level 2.1 Shields
 + Level 2.1 Unarmed Combat
 + Level 5.4 Spellcasting
 + Level 1.7 Conjurations
 + Level 1.7 Hexes
 + Level 5.7 Charms
 + Level 1.7 Summonings
 + Level 1.7 Necromancy
 + Level 1.7 Translocations
 + Level 1.7 Transmutations
 + Level 1.7 Fire Magic
 + Level 1.7 Ice Magic
 + Level 1.7 Air Magic
 + Level 1.7 Earth Magic
 + Level 1.7 Poison Magic
 + Level 2.3 Invocations
 + Level 2.1 Evocations


You had 4 spell levels left.
You knew the following spells:

 Your Spells              Type           Power        Failure   Level  Hunger
a - Infusion              Chrm           ###.         1%          1    None
b - Song of Slaying       Chrm           ###.....     1%          2    #......
c - Shroud of Golubria    Chrm/Tloc      ###.......   2%          2    #......
d - Regeneration          Chrm/Necr      ###.......   4%          3    ###....
e - Spectral Weapon       Hex/Chrm       ###.....     4%          3    ###....

Your spell library contained the following spells:

 Spells                   Type           Power        Failure   Level  Hunger


Dungeon Overview and Level Annotations

Branches:
Dungeon (4/15)
 Temple: D:4-7

Altars:
Fedhas
Qazlal
Xom


Innate Abilities, Weirdness & Mutations

Your experience applies equally to all skills.
You have very sharp teeth.
Your uncanny sense of smell can sniff out nearby items.


Message History

You are too injured to fight recklessly!
You are too injured to fight recklessly!
You slash the orc priest!
You kill the orc priest!
Your skin is crawling a little less now.
The ogre hits you with a +0 giant club!
* * * LOW HITPOINT WARNING * * *
You hit the ogre!
The ogre is moderately wounded.
The ogre hits you with a +0 giant club.
* * * LOW HITPOINT WARNING * * *
You hit the ogre. You bite the ogre, but do no damage.
The ogre is heavily wounded.
You barely miss the ogre.
The ogre is heavily wounded.
The ogre closely misses you.
You hit the ogre.
The ogre is heavily wounded.
The ogre hits you with a +0 giant club!!
You die...

### ..# ..#
..#
############
###
#..........#
#........).#
##'##..##..#
###
##..######'#
).######8..#
∆#.@.#
#.'†......##
∆#O..#
###.......##∆
#..##
######8..#∆
+..# ##..#
#... #+##
#... #..# ∆
#..#


You could see an ogre.

Vanquished Creatures
  Sigmund (D:3)
  An ogre (D:4)
  An orc priest (D:4)
  5 adders
  2 worms (D:2)
  5 dart slugs (D:1)
  2 leopard geckos (D:3)
  3 orcs (D:3)
  A ball python (Sewer)
  6 bats
  A giant cockroach (D:3)
  11 goblins
  6 hobgoblins
  12 jackals
  15 kobolds
  13 frilled lizards
  12 rats
97 creatures vanquished.

Vanquished Creatures (others)
  5 toadstools (D:1)
5 creatures vanquished.

Grand Total: 102 creatures vanquished

Notes
Turn   | Place    | Note
-------+----------+-------------------------------------------
     0 | D:1      | Emblim88 the Gnoll Skald began the quest for the Orb.
     0 | D:1      | Reached XP level 1. HP: 20/20 MP: 6/6
    76 | D:1      | Reached XP level 2. HP: 22/26 MP: 7/7
   289 | D:1      | Reached XP level 3. HP: 27/31 MP: 9/9
   317 | D:1      | Reached skill level 5 in Spellcasting
   580 | D:1      | Reached skill level 1 in Invocations
   935 | D:1      | Learned a level 2 spell: Song of Slaying
   938 | D:1      | Learned a level 2 spell: Shroud of Golubria
   942 | D:1      | Learned a level 3 spell: Regeneration
   946 | D:1      | Learned a level 3 spell: Spectral Weapon
  1056 | D:2      | Found a stormy altar of Qazlal.
  1099 | D:2      | Reached skill level 1 in Short Blades
  1099 | D:2      | Reached skill level 1 in Axes
  1099 | D:2      | Reached skill level 1 in Maces & Flails
  1099 | D:2      | Reached skill level 1 in Polearms
  1099 | D:2      | Reached skill level 1 in Staves
  1099 | D:2      | Reached skill level 1 in Slings
  1099 | D:2      | Reached skill level 1 in Bows
  1099 | D:2      | Reached skill level 1 in Crossbows
  1099 | D:2      | Reached skill level 1 in Throwing
  1099 | D:2      | Reached skill level 1 in Stealth
  1099 | D:2      | Reached skill level 1 in Shields
  1099 | D:2      | Reached skill level 1 in Unarmed Combat
  1099 | D:2      | Reached skill level 1 in Evocations
  1099 | D:2      | Reached XP level 4. HP: 23/38 MP: 8/11
  1130 | D:2      | Found a shimmering altar of Xom.
  2197 | D:3      | Reached skill level 1 in Conjurations
  2197 | D:3      | Reached skill level 1 in Hexes
  2197 | D:3      | Reached skill level 1 in Summonings
  2197 | D:3      | Reached skill level 1 in Necromancy
  2197 | D:3      | Reached skill level 1 in Translocations
  2197 | D:3      | Reached skill level 1 in Transmutations
  2197 | D:3      | Reached skill level 1 in Fire Magic
  2197 | D:3      | Reached skill level 1 in Ice Magic
  2197 | D:3      | Reached skill level 1 in Air Magic
  2197 | D:3      | Reached skill level 1 in Earth Magic
  2197 | D:3      | Reached skill level 1 in Poison Magic
  2229 | D:3      | Noticed Sigmund
  2269 | D:3      | Killed Sigmund
  2269 | D:3      | Reached XP level 5. HP: 43/43 MP: 1/12
  2269 | D:3      | Reached XP level 6. HP: 50/50 MP: 1/13
  2655 | D:3      | Found a blossoming altar of Fedhas.
  2866 | D:4      | Found a glowing drain.
  2883 | Sewer    | Entered a sewer
  3262 | Sewer    | Reached skill level 5 in Fighting
  3262 | Sewer    | Reached skill level 5 in Long Blades
  3262 | Sewer    | Reached skill level 5 in Dodging
  3574 | D:4      | Mangled by an ogre

Skill      XL: |  1  2  3  4  5  6 |
---------------+-------------------+-----
Spellcasting   | 5 |  5.4
Invocations    | 1 2 |  2.3
Short Blades   | 1 2 |  2.1
Axes           | 1 2 |  2.1
Maces & Flails | 1 2 |  2.1
Polearms       | 1 2 |  2.1
Staves         | 1 2 |  2.1
Slings         | 1 2 |  2.1
Bows           | 1 2 |  2.1
Crossbows      | 1 2 |  2.1
Throwing       | 1 2 |  2.1
Stealth        | 1 2 |  2.1
Shields        | 1 2 |  2.1
Unarmed Combat | 1 2 |  2.1
Evocations     | 1 2 |  2.1
Conjurations   | 1 |  1.7
Hexes          | 1 |  1.7
Summonings     | 1 |  1.7
Necromancy     | 1 |  1.7
Translocations | 1 |  1.7
Transmutations | 1 |  1.7
Fire Magic     | 1 |  1.7
Ice Magic      | 1 |  1.7
Air Magic      | 1 |  1.7
Earth Magic    | 1 |  1.7
Poison Magic   | 1 |  1.7
Armour         | 3 |  3.3
Fighting       | 5 |  5.0
Long Blades    | 5 |  5.0
Dodging        | 5 |  5.0
Charms         | |  5.7

Action                   |  1- 3 |  4- 6 || total
-------------------------+-------+-------++-------
Melee: Falchion          |    91 |   190 ||   281
       Bite              |    13 |    15 ||    28
       Punch             |     1 |       ||     1
 Cast: Song of Slaying   |     1 |       ||     1
       Regeneration      |       |     4 ||     4
       Infusion          |       |     3 ||     3
       Shroud of Golubri |       |     2 ||     2
  Use: Scroll            |     4 |       ||     4
 Stab: Sleeping          |     3 |     3 ||     6
  Eat: Chunk             |       |     5 ||     5
       Ration            |       |     2 ||     2
Armor: Leather armour    |    15 |    47 ||    62
Dodge: Dodged            |    80 |   111 ||   191
       Rpst.: Falchion   |    23 |    38 ||    61
